 Dungeon Crawl Stone Soup version 0.30.0-11-gf55b779eaf (webtiles) character file.

Game seed: 5418043352321527604

1283 javelincjr the Magician (level 8, -5/58 HPs)
             Began as a Demonspawn Fire Elementalist on May 16, 2023.
             Was an Initiate of Sif Muna.
             Killed by divine providence
             ... invoked by an orc priest
              (14 damage)
             ... on level 6 of the Dungeon.
             The game lasted 00:36:44 (6269 turns).

javelincjr the Magician (DsFE)                      Turns: 6269, Time: 00:36:44

Health: -5/58      AC:  7    Str:  8    XL:     8   Next: 29%
Magic:  0/15       EV: 18    Int: 18    God:    Sif Muna [......]
Gold:   37         SH:  4    Dex: 15    Spells: 11/17 levels left

rFire   . . .        c - +2 spear (protect)
rCold   . . .        (no shield)
rNeg    + . .        a - +0 robe
rPois   .            (helmet restricted)
rElec   .            C - +0 cloak
rCorr   .            (no gloves)
SInv    .            (no boots)
Will    .....        E - amulet of guardian spirit
Stlth   ++           u - ring of positive energy
HPRegen 0.29/turn    F - +5 ring of evasion
MPRegen 0.28/turn

%: guardian spirit
@: no status effects
A: horns 2, icemail 1, magic regeneration, condensation shield
a: Renounce Religion


You were on level 6 of the Dungeon.
You worshipped Sif Muna.
Sif Muna was noncommittal.
You visited 2 branches of the dungeon, and saw 7 of its levels.

You collected 345 gold pieces.
You spent 308 gold pieces at shops.

Inventory:

Hand Weapons
 c - a +2 spear of protection (weapon)
 q - a +2 dagger of venom
Missiles
 e - 4 silver boomerangs
 w - 6 curare-tipped darts
Armour
 a - a +0 robe (worn)
 s - a +0 leather armour of willpower
 C - a +0 cloak (worn)
 G - the orb of Classification {light, rCorr Int-4 Dex+4}
   (You bought it in a shop on level 6 of the Dungeon)

   Int:       It affects your intelligence (-4).
   Dex:       It affects your dexterity (+4).
   rCorr:     It protects you from acid and corrosion.
Jewellery
 u - a ring of positive energy (left hand)
 z - a ring of positive energy
 E - an amulet of guardian spirit (around neck)
 F - a +5 ring of evasion (right hand)
Scrolls
 d - a scroll of identify
 g - a scroll of enchant armour {unknown}
 h - 2 scrolls of fear
 j - a scroll of brand weapon
 k - a scroll of blinking {unknown}
 m - a scroll of immolation {unknown}
 o - 2 scrolls of amnesia
 v - 5 scrolls of fog
 x - a scroll of noise {unknown}
 y - 3 scrolls of teleportation {unknown}
 A - 2 scrolls of magic mapping {unknown}
Potions
 b - a potion of magic
 f - a potion of ambrosia
 i - a potion of heal wounds
 l - 2 potions of flight
 n - a potion of degeneration {unknown}
 p - 3 potions of haste
 r - a potion of lignification {unknown}
 t - 5 potions of curing
 B - a potion of might {unknown}
 D - 2 potions of attraction {unknown}


   Skills:
 + Level 3.2 Fighting
 + Level 2.1 Armour
 + Level 3.8 Dodging
 - Level 3.1 Stealth
 * Level 5.1 Spellcasting
 + Level 3.7 Conjurations
 + Level 4.3 Fire Magic
 + Level 1.6 Ice Magic


You had 11 spell levels left.
You knew the following spells:

 Your Spells              Type           Power      Damage    Failure   Level
a - Foxfire               Conj/Fire      76%        2x1d7     2%          1
b - Scorch                Fire           40%        2d7       3%          2
c - Hailstorm             Conj/Ice       14%        3d5       13%         3

Your spell library contained the following spells:

 Spells                   Type           Power      Damage    Failure   Level
 Freeze                   Ice            40%        1d6       7%          1
 Ensorcelled Hibernation  Hex/Ice        14%        N/A       14%         2
 Inner Flame              Hex/Fire       12%        N/A       16%         3
 Volatile Blastmotes      Fire/Tloc      24%        2d12      16%         3
 Cigotuvi's Dreadful Rot  Necr/Pois/Air  8%         N/A       21%         2
 Passwall                 Tmut/Erth      3%         N/A       21%         2
 Frozen Ramparts          Ice            20%        1d4       21%         3
 Ozocubu's Armour         Ice            10%        N/A       21%         3
 Flame Wave               Conj/Fire      19%        2d7       26%         4
 Swiftness                Air            4%         N/A       36%         3
 Dispel Undead            Necr           4%         3d7       78%         4
 Death Channel            Necr           2%         N/A       100%        6
 Ozocubu's Refrigeration  Ice            5%         4d8       100%        7


Dungeon Overview and Level Annotations

Branches:
Dungeon (6/15)             Temple (1/1) D:5

Altars:
Ashenzari
Dithmenos
Fedhas
Gozag
Hepliaklqana
Kikubaaqudgha
Makhleb
Nemelex Xobeh
Okawaru
Qazlal
Ru
Sif Muna
Trog
Uskayaw
Vehumet
Wu Jian
Xom
Yredelemnul

Shops:
D:3 [   D:6 *[(

Annotations:
D:6 Pikel


Innate Abilities, Weirdness & Mutations

You have a pair of horns on your head.
A meltable icy envelope protects you from harm. (AC +4)
You regenerate magic rapidly.
A meltable shield of frost defends you. (SH +4)


Message History

A cannonade of hail descends around you!
The hail pelts the orc priest.
The orc priest is almost dead.
The hail pelts the orc priest.
The orc priest is lightly wounded.
The hail pelts the orc!
You kill the orc!
Sif Muna accepts your kill.
The orc priest invokes the aid of Beogh against you.
Beogh smites you!
The orc priest mumbles some strange prayers to Beogh against you.
Beogh smites you!
The orc priest mumbles some strange prayers to Beogh against you.
Pain shoots through your body!
The orc priest mumbles some strange prayers to Beogh against you.
You struggle to resist.
There is an open door here.
The orc priest calls upon Beogh to heal the orc priest.
The orc priest is healed somewhat.
The orc priest invokes the aid of Beogh against you.
Beogh smites you!
* * * LOW HITPOINT WARNING * * *
The orc priest looks braver for a moment.
The orc priest invokes the aid of Beogh against you.
Pain shoots through your body!
* * * LOW HITPOINT WARNING * * *
The orc priest looks braver for a moment.
There is an open door here.
Casting: Hailstorm (dangerous; 13% risk of failure)
Confirm with . or Enter, or press ? or * to list all spells.
You conjure some foxfire!
The orc priest mumbles some strange prayers to Beogh against you.
Beogh smites you!
* * * LOW HITPOINT WARNING * * *
Casting: Foxfire (safe; 2% risk of failure)
Confirm with . or Enter, or press ? or * to list all spells.
You conjure some foxfire!
The orc priest mumbles some strange prayers to Beogh against you.
Beogh smites you!
You die...

..........# .....#
..).......###.## +###.# .....#
.).....# #...⌠#'#⌠..# ....#
.....!.#.. #....#'#...#######...#
.......#...#...........#...##...#
.......##..................##....
.....####...#......##......##...#
##.#o#.##...#......##............
###...##.......@......##....##..
##......+.##....§.##...#.#####...
.##..o..## #...§§.........###<...
..+......# #..§§#.........>......
.###...######§§.##.......#...K..#
#..#.#'#..#.v§..........###......
#.####....§ov...........##.......
...####...##....................#
....###.......................###


You could see an orc priest (ally target).

Vanquished Creatures
  Eustachio (D:5)
  3 black bears
  An ogre (D:6)
  4 lemures
  Blork the orc (D:5)
  A scorpion (D:6)
  A howler monkey (D:5)
  2 hounds
  A gnoll bouda (D:5)
  A sleepcap (D:5)
  5 iguanas
  Natasha (D:2)
  2 orc wizards
  Robin (D:3)
  11 gnolls
  7 adders
  2 worms
  2 dart slugs
  13 orcs
  9 ball pythons
  4 bats
  7 endoplasms
  7 giant cockroaches
  15 goblins
  7 hobgoblins
  9 kobolds
  5 quokkas
  3 frilled lizards
  7 rats
133 creatures vanquished.

Vanquished Creatures (collateral kills)
  3 foxfires (D:6)
3 creatures vanquished.

Vanquished Creatures (others)
  482 foxfires
482 creatures vanquished.

Grand Total: 618 creatures vanquished

Notes
Turn   | Place    | Note
-------+----------+-------------------------------------------
     0 | D:1      | javelincjr the Demonspawn Fire Elementalist began the quest
                  | for the Orb.
     0 | D:1      | Reached XP level 1. HP: 13/13 MP: 3/3
   273 | D:1      | Gained mutation: A meltable shield of frost defends you.
                  | (SH +4) [demonic ancestry]
   273 | D:1      | Reached XP level 2. HP: 19/19 MP: 1/5
   785 | D:1      | Learned a level 2 spell: Scorch
  1045 | D:2      | Reached XP level 3. HP: 13/24 MP: 0/6
  1646 | D:2      | Noticed Natasha
  1653 | D:2      | Killed Natasha
  1981 | D:3      | Reached XP level 4. HP: 31/31 MP: 3/7
  2164 | D:3      | Noticed Robin
  2171 | D:3      | Killed Robin
  2319 | D:3      | Reached skill level 1 in Fighting
  2439 | D:3      | Reached skill level 3 in Spellcasting
  2439 | D:3      | Gained mutation: You have a pair of small horns on your
                  | head. [demonic ancestry]
  2439 | D:3      | Reached XP level 5. HP: 26/37 MP: 3/9
  2503 | D:3      | Found a sacrificial altar of Ru.
  2919 | D:3      | Found Neynafuw's Antique Armour Shop.
  3811 | D:4      | Found a burning altar of Makhleb.
  3821 | D:4      | Gained mutation: You regenerate magic rapidly. [demonic
                  | ancestry]
  3821 | D:4      | Reached XP level 6. HP: 21/44 MP: 5/11
  4423 | D:5      | Entered Level 5 of the Dungeon
  4553 | D:4      | Reached skill level 4 in Spellcasting
  4621 | D:5      | Gained mutation: A meltable icy envelope protects you from
                  | harm. (AC +4) [demonic ancestry]
  4621 | D:5      | Reached XP level 7. HP: 48/50 MP: 6/13
  4825 | D:5      | Reached skill level 1 in Armour
  4921 | D:5      | Noticed Eustachio
  4977 | D:5      | Learned a level 3 spell: Hailstorm
  5049 | D:5      | Noticed Blork the orc
  5060 | D:5      | Killed Blork the orc
  5207 | D:5      | Found a staircase to the Ecumenical Temple.
  5256 | Temple   | Entered the Ecumenical Temple
  5261 | Temple   | Became a worshipper of Sif Muna the Loreminder
  5807 | D:6      | Reached skill level 1 in Ice Magic
  5807 | D:6      | Gained mutation: You have a pair of horns on your head.
                  | [demonic ancestry]
  5807 | D:6      | Reached XP level 8. HP: 58/58 MP: 8/15
  5852 | D:6      | Found Asudechu's General Store.
  5873 | D:6      | Noticed Pikel
  6051 | D:5      | Killed Eustachio
  6052 | D:5      | Reached skill level 5 in Spellcasting
  6209 | D:6      | Found Qiogur's Weapon Shop.
  6224 | D:6      | Found Esazxuh's Antique Armour Shoppe.
  6229 | D:6      | Bought a brightly glowing orb for 308 gold pieces
  6229 | D:6      | Identified the orb of Classification {light, rCorr Int-4
                  | Dex+4} (You bought it in a shop on level 6 of the Dungeon)
  6269 | D:6      | Killed from afar by an orc priest

Illustrated notes

Levels and vault maps discovered:
D:1:      minmay_arrival_stair_chambers, layout_basic
D:2:      layout_basic, uniq_natasha
D:3:      layout_basic, nicolae_ru_great_annihilating_truth, serial_shops, shop,
          minmay_fractal_squares_5, uniq_robin
D:4:      layout_gridville, makhleb_heckhound_becter
D:5:      layout_basic, temple_fountains, uniq_eustachio, uniq_blork_the_orc
D:6:      layout_cave_pools, serial_shops, nicolae_diamond_shop,
          nicolae_shop_bloodbath_and_beyond, nicolae_shop_real_fake_doors,
          nicolae_shop_rolling_square, nicolae_lakefront_shop, serial_park,
          serial_park_square2, serial_park_tiny_1, serial_park_square1
          [serial_park_minivault_5x5_8], uniq_pikel
Temple:   nicolae_temple_bog_church

Skill      XL: |  1  2  3  4  5  6  7  8 |
---------------+-------------------------+-----
Stealth        | 2 3 |  3.1
Dodging        | 2 3 |  3.8
Fire Magic     | 3 4 |  4.3
Fighting       | 1 2 3 |  3.2
Conjurations   | 2 3 |  3.7
Spellcasting   | 3 4 5 |  5.1
Armour         | 1 2 |  2.1
Ice Magic      | 1 |  1.6

Action                     |  1- 3 |  4- 6 |  7- 9 || total
---------------------------+-------+-------+-------++-------
  Melee: Spear             |    13 |    44 |    15 ||    72
         Headbutt          |       |     2 |     2 ||     4
         Punch             |       |     1 |       ||     1
   Cast: Foxfire           |    53 |   129 |    96 ||   278
         Scorch            |     1 |    19 |    40 ||    60
         Hailstorm         |       |       |     2 ||     2
    Use: Scroll            |       |       |     9 ||     9
   Stab: Sleeping          |     1 |       |       ||     1
 Armour: Robe              |     2 |     5 |    25 ||    32
  Dodge: Dodged            |     8 |    53 |    60 ||   121
  Block: Other             |     4 |    14 |    19 ||    37
